 Dungeon Crawl Stone Soup version 0.32-a0-711-g016ad743e0 (webtiles) character file.

Game seed: 5257662993265644428

357 mopl the Ruffian (level 6, -1/41 HPs)
             Began as an Octopode Shapeshifter on Mar 15, 2024.
             Slain by a gnoll
             ... wielding a +0 halberd
             ... led by a gnoll bouda
              (9 damage)
             ... on level 4 of the Dungeon.
             The game lasted 00:03:10 (2292 turns).

mopl the Ruffian (Octopode Shapeshifter)            Turns: 2292, Time: 00:03:10

Health: -1/41      AC:  1    Str: 14    XL:     6   Next: 64%
Magic:  15/15      EV: 13    Int: 12    God:
Gold:   245        SH:  0    Dex: 13    Spells: 5/5 levels left

rFire   . .          .
                       - Unarmed
rCold   . . .        (no shield)
rNeg    . . .        (helmet currently unavailable)
rPois   .            (no amulet)
rElec   .            e - ring of magical power
rCorr   .            (no ring)
SInv    .            (no ring)
Will    .....        (no ring)
Stlth   +++          (no ring)
HPRegen 0.26/turn    (no ring)
MPRegen 0.14/turn    (no ring)
                     (no ring)

%: no passive effects
@: beast-form
A: beast (slay +2), almost no armour, amphibious, 8 rings, camouflage 1,
gelatinous body 1, nimble swimmer 1, tentacles
a: Begin Untransformation


You were on level 4 of the Dungeon.
You were a hulking beast.
You visited 1 branch of the dungeon, and saw 4 of its levels.

You collected 245 gold pieces.

Inventory:

Jewellery
 e - a ring of magical power (left tentacle)
Talismans
 b - a beast talisman (active)
 c - a flux talisman
Scrolls
 d - a scroll of identify {unknown}
 g - 2 scrolls of teleportation {unknown}
 j - a scroll of amnesia {unknown}
 l - a scroll of enchant armour {unknown}
 m - 2 scrolls of vulnerability {unknown}
 n - a scroll of poison {unknown}
Potions
 a - a potion of lignification {!q}
 f - a potion of invisibility {unknown}
 h - a potion of magic {unknown}
 i - a potion of curing {unknown}
 k - 2 potions of degeneration {unknown}
 o - a potion of attraction {unknown}
 p - a potion of might {unknown}
 q - a potion of brilliance {unknown}


   Skills:
 + Level 2.6 Fighting
 + Level 3.2 Dodging
 * Level 4.8 Unarmed Combat
 * Level 4.6 Shapeshifting


You had 5 spell levels left.
You didn't know any spells.
Your spell library contained the following spells:

 Spells                   Type           Power      Damage    Failure   Level
 Slow                     Hex            0%         N/A       32%         1
 Confusing Touch          Hex            0%         N/A       69%         3
 Dazzling Flash           Conj/Hex       0%         N/A       69%         3
 Mephitic Cloud           Conj/Alch/Air  0%         N/A       69%         3
 Passwall                 Erth           0%         N/A       69%         3
 Stone Arrow              Conj/Erth      0%         3d7       69%         3
 Tukima's Dance           Hex            0%         N/A       69%         3
 Vampiric Draining        Necr           0%         2d6       69%         3
 Volatile Blastmotes      Fire/Tloc      0%         2d10      69%         3
 Passage of Golubria      Tloc           0%         N/A       97%         4
 Curse of Agony           Necr           0%         N/A       100%        5
 Silence                  Hex/Air        0%         N/A       100%        5
 Yara's Violent Unravell  Hex/Alch       0%         3d3       100%        5
 Bombard                  Conj/Erth      0%         9d1       100%        6
 Lehudib's Crystal Spear  Conj/Erth      0%         10d2      100%        8
 Animate Armour           Summ/Erth      Unusable   N/A       N/A         4

Dungeon Overview and Level Annotations

Branches:
Dungeon (4/15)
 Temple: D:4-7

Altars:
Ashenzari
Ru
Trog
Vehumet
Xom
Yredelemnul


Innate Abilities, Weirdness & Mutations

You are a hulking beast.
Your limbs bulge with bestial killing power. (Slay +2)
You cannot wear most types of armour.
You are amphibious.
You can wear up to eight rings at the same time.
Your skin changes colour to match your surroundings (Stealth+).
Your rubbery body absorbs attacks. (AC +1, EV +1)
You are camouflaged when in or above water. (Stealth+)
You have tentacles for arms and can constrict up to eight enemies at once.


Message History

The adder is severely wounded.
The adder bites you but does no damage.
You tentacle-slap the adder. You grab the adder. You squeeze the adder.
You kill the adder!
You closely miss the gnoll. You grab the gnoll. You constrict the gnoll.
The gnoll closely misses you.
You tentacle-slap the gnoll.
The gnoll is heavily wounded.
You constrict the gnoll. You tentacle-slap the gnoll.
You kill the gnoll!
You hear a splash.
You bludgeon the rat!
You kill the rat!
You barely miss the gnoll. You grab the gnoll. You constrict the gnoll.
You tentacle-slap the gnoll but do no damage.
The gnoll is lightly wounded.
You constrict the gnoll. The gnoll barely misses you.
A giant cockroach comes into view.
You completely miss the gnoll.
The gnoll is heavily wounded.
You constrict the gnoll.
The gnoll splashes around in the water.
You tentacle-slap the gnoll.
You kill the gnoll!
You hear a splash.
The adder barely misses you.
You bludgeon the adder! Your grab misses the adder.
The adder is severely wounded.
The adder closely misses you.
You barely miss the adder. Your grab misses the adder.
Your squeeze misses the adder.
The adder is severely wounded.
The adder closely misses you.
The gnoll splashes around in the water.
You bludgeon the adder!
You kill the adder!
The gnoll splashes around in the water.
You tentacle-slap the gnoll but do no damage.
Your grab misses the gnoll.
The gnoll hits you from afar with a +0 halberd!
You die...

###### #~h#~#
#################g#
...........g.gg~~g#
########.#########B#
....# #.# #~~ ###.#
#.# ~## .##.# #.## ~
.g..## #S.. .g ##
.#g..###... g#


You could see 2 gnolls and a giant cockroach (wandering).

Vanquished Creatures
  A scorpion (D:4)
  2 bombardier beetles (D:3)
  A gnoll bouda (D:4)
  Jessica (D:3)
  Robin (D:4)
  6 gnolls
  4 adders (D:4)
  2 dart slugs
  3 ribbon worms
  An orc (D:4)
  An endoplasm (D:3)
  A giant cockroach (D:1)
  11 goblins
  9 hobgoblins
  2 quokkas
  8 ball pythons
  3 bats
  A frilled lizard (D:4)
  6 kobolds
  7 rats
71 creatures vanquished.

Notes
Turn   | Place    | Note
-------+----------+-------------------------------------------
     0 | D:1      | mopl the Octopode Shapeshifter began the quest for the Orb.
     0 | D:1      | Reached XP level 1. HP: 13/13 MP: 1/1
   230 | D:1      | Reached XP level 2. HP: 10/18 MP: 2/2
   897 | D:2      | Reached XP level 3. HP: 20/23 MP: 3/3
   921 | D:2      | Found a faded altar of an unknown god.
  1593 | D:3      | Reached XP level 4. HP: 27/29 MP: 4/4
  1605 | D:3      | Reached skill level 2 in Fighting
  1658 | D:3      | Found a sacrificial altar of Ru.
  1679 | D:3      | Found a broken altar of Ashenzari.
  1777 | D:3      | Noticed Jessica
  1782 | D:3      | Killed Jessica
  1783 | D:3      | Reached skill level 4 in Unarmed Combat
  1783 | D:3      | Reached skill level 4 in Shapeshifting
  1783 | D:3      | Reached XP level 5. HP: 34/34 MP: 5/5
  1908 | D:3      | Found a basalt altar of Yredelemnul.
  1908 | D:3      | Found a shimmering altar of Xom.
  1940 | D:3      | Found a bloodstained altar of Trog.
  2016 | D:4      | Noticed Robin
  2043 | D:4      | Killed Robin
  2235 | D:4      | Found a radiant altar of Vehumet.
  2251 | D:4      | Reached skill level 3 in Dodging
  2251 | D:4      | Reached XP level 6. HP: 16/41 MP: 6/6
  2292 | D:4      | Slain by a gnoll

Illustrated notes

Levels and vault maps discovered:
D:1:      sevenhm_arrival_forest_fort_small_3, layout_basic
D:2:      minmay_door_path, layout_loops_ring,
          shapermc_ecumenical_altar_mp_ritualfount, st_stairs_12
D:3:      layout_rooms, gammafunk_temple_overflow_wave,
          mainiacjoe_overflow_catwalk_spiral, amcnicky_altar_gilded,
          st_stairs_14, uniq_jessica
D:4:      layout_loops_ring, vehumet_crystals,
          nicolae_dithmenos_through_a_glass_darkly,
          minmay_temple_entry_nine_rooms,
          mainiacjoe_sewer_entry_somewhere_in_here_2, uniq_robin

Skill      XL: |  1  2  3  4  5 |
---------------+----------------+-----
Fighting       | 2 |  2.6
Unarmed Combat | 4 |  4.8
Shapeshifting  | 4 |  4.6
Dodging        | 3 |  3.2

Action                     |  1- 3 |  4- 6 || total
---------------------------+-------+-------++-------
  Melee: Unarmed           |    60 |    77 ||   137
         Constrict         |    18 |    26 ||    44
         Punch             |     3 |     2 ||     5
         Tentacles         |    12 |    20 ||    32
   Stab: Sleeping          |     7 |       ||     7
 Armour: Skin              |    21 |    33 ||    54
  Dodge: Dodged            |    30 |    34 ||    64

Table legend: (Time is in decaauts)
 A = Elapsed time spent in this place.
 B = Non-inter-level travel time spent in this place.
 C = Inter-level travel time spent in this place.
 D = Time resting spent in this place.
 E = Time spent auto-exploring this place.
 F = Levels seen in this place.
 G = Mean time per level.
                   A        B        C        D        E       F      G
               +--------+--------+--------+--------+--------+-----+--------+
         Total |   2282 |   2196 |     86 |     66 |   1549 |   4 |  570.5 |
       Dungeon |   2282 |   2196 |     86 |     66 |   1549 |   4 |  570.5 |
               +--------+--------+--------+--------+--------+-----+--------+

Top non-repeatable levels by time:
     D:1: 803 daAuts
     D:2: 749 daAuts
     D:3: 464 daAuts
     D:4: 265 daAuts
